 Dungeon Crawl Stone Soup version 0.31-a0-1237-gabc64e778c (webtiles) character file.

Game seed: 15421689018202880216

25 bmb222 the Sneak (level 3, -6/23 HPs)
             Began as a Gargoyle Delver on Dec 15, 2023.
             Mangled by a gnoll
             ... wielding a +0 halberd
              (12 damage)
             ... on level 3 of the Dungeon.
             The game lasted 00:01:35 (1303 turns).

bmb222 the Sneak (Gargoyle Delver)                  Turns: 1303, Time: 00:01:36

Health: -6/23      AC:  9    Str: 17    XL:     3   Next: 4%
Magic:  3/3        EV:  9    Int: 10    God:
Gold:   76         SH:  0    Dex: 11    Spells: 2/2 levels left

rFire   . . .        i - +0 flail
rCold   . . .        (no shield)
rNeg    + . .        k - +0 scale mail
rPois   ∞            (no helmet)
rElec   +            (no cloak)
rCorr   .            (no gloves)
SInv    .            (no boots)
Will    .....        (no amulet)
Stlth   ++           (no ring)
HPRegen 0.23/turn    (no ring)
MPRegen 0.08/turn

%: no passive effects
@: hasted, very quick
A: sickness immunity, AC +3, negative energy resistance 1, electricity
resistance, torment resistance 1, petrification resistance
a: no special abilities


You were on level 3 of the Dungeon.
You visited 1 branch of the dungeon, and saw 3 of its levels.

You collected 76 gold pieces.

Inventory:

Hand Weapons
 a - a +0 mace
 i - a +0 flail (weapon)
Missiles
 l - 6 poisoned darts (quivered)
Armour
 b - a +0 leather armour
 k - a +0 scale mail (worn)
Wands
 g - a wand of digging (3)
 m - a wand of mindburst (13)
Scrolls
 c - 2 scrolls of fog
 d - a scroll of revelation
 e - a scroll of teleportation {unknown}
 h - a scroll of enchant armour {unknown}
 j - a scroll of silence {unknown}


   Skills:
 + Level 3.4 Fighting
 + Level 2.2 Maces & Flails
 + Level 0.5 Armour
 + Level 1.6 Dodging
 + Level 6.1 Stealth


You had 2 spell levels left.
You didn't know any spells.
Your spell library contained the following spells:

 Spells                   Type           Power      Damage    Failure   Level
 Gell's Gravitas          Tloc           0%         N/A       99%         3
 Teleport Other           Tloc           0%         N/A       99%         3
 Dispersal                Tloc           0%         N/A       100%        6


Dungeon Overview and Level Annotations

Branches:
Dungeon (5/15)
 Temple: D:4-7

Altars:

Shops:
D:3 [

Annotations:
D:4 3 runed translucent doors, lotum's ghost, amateur AtFi


Innate Abilities, Weirdness & Mutations

You are immune to sickness and miasma.
Your stone body is resilient. (AC +3)
You are immune to poison.
You resist negative energy. (rN+)
You are resistant to electric shocks. (rElec)
You are resistant to unholy torment.
You are immune to petrification.


Message History

You completely miss the hobgoblin.
The hobgoblin is almost dead.
The hobgoblin closely misses you.
The hobgoblin hits you but does no damage.
A hobgoblin is nearby!
You barely miss the hobgoblin.
The hobgoblin is almost dead.
The hobgoblin hits you but does no damage.
A hobgoblin is nearby!
You hit the hobgoblin but do no damage.
The hobgoblin is almost dead.
The hobgoblin hits you but does no damage.
A hobgoblin is nearby!
A hobgoblin is nearby!
You thump the hobgoblin!
You kill the hobgoblin!
You see here a hobgoblin corpse.
A gnoll comes into view.
It is wielding a +0 club. 2 gnolls come into view.
The gnoll shouts!
There are monsters nearby!
There are monsters nearby!
The gnoll shouts!
There are monsters nearby!
The gnoll shouts!
There are monsters nearby!
There are monsters nearby!
The gnoll barely misses you.
There are monsters nearby!
You completely miss the gnoll. The gnoll hits you but does no damage.
The gnoll hits you with a +0 club.
The gnoll hits you from afar with a +0 halberd!
* * * LOW HITPOINT WARNING * * *
Okay, then.
The gnoll attacks as it pursues you! The gnoll barely misses you.
The gnoll attacks as it pursues you! The gnoll barely misses you.
You feel yourself speed up.
The gnoll hits you from afar with a +0 halberd!
Ouch! That really hurt!
You die...

# .# .## ##### ...# #.†.#######
###...### #.........# #.......#
#...#####.###g......# ##.##
#.##g.......# # #.#
##†#@#.#.....# #. #.#
#...###......# ####
.###.##.#####..#.# ###...# #...
...............##.# #...# #(##
.###....######.##.# #...# #.#
####.######.##.####...#####.#
.#####......##.#...............##
...<......#.##.#..####...#####...
..####......##.#...###...# ###.#


You could see 2 gnolls.

Vanquished Creatures
  An adder (D:4)
  A ball python (D:3)
  2 endoplasms (D:4)
  A giant cockroach (D:4)
  A goblin (D:4)
  2 hobgoblins
  A quokka (D:3)
  3 frilled lizards (D:3)
  2 kobolds (D:4)
  A rat (D:3)
15 creatures vanquished.

Notes
Turn   | Place    | Note
-------+----------+-------------------------------------------
     0 | D:5      | bmb222 the Gargoyle Delver began the quest for the Orb.
     0 | D:5      | Reached XP level 1. HP: 14/14 MP: 1/1
   134 | D:5      | Noticed a hound
   158 | D:5      | Noticed an iguana
   312 | D:5      | Noticed a hound
   407 | D:4      | Noticed a phantom
   518 | D:4      | Reached XP level 2. HP: 8/19 MP: 2/2
   617 | D:4      | Found a runed translucent gate.
   618 | D:4      | Found a runed translucent gate.
   745 | D:4      | Noticed lotum's ghost (amateur AtFi)
   746 | D:4      | Found a runed translucent gate.
   752 | D:4      | Identified the +3 dagger "Roonog" {drain, ^Fragile +Blink
                  | rC+ MP+9 Dex+4}
   752 | D:4      | Identified the +0 chain mail "Goaf" {rPois rC- Int+5}
   928 | D:4      | Reached skill level 6 in Stealth
   963 | D:3      | Found a faded altar of an unknown god.
  1127 | D:3      | Found Dulaghu's Antique Armour Boutique.
  1279 | D:3      | Reached XP level 3. HP: 23/23 MP: 3/3
  1303 | D:3      | Mangled by a gnoll

Illustrated notes

Levels and vault maps discovered:
D:3:      layout_loops_ring, serial_shops, nicolae_shop_crystal,
          chequers_ecumenical_altar_simple_redux
D:4:      layout_layer_cave, biasface_ghost_orc_armoury
D:5:      layout_basic, kennysheep_little_box, grunt_tough_drop

Skill      XL: |  1  2 |
---------------+-------+-----
Stealth        | 6 |  6.1
Fighting       | |  3.4
Maces & Flails | |  2.2
Armour         | |  0.5
Dodging        | |  1.6

Action                     || total
---------------------------++-------
  Melee: Flail             ||    59
    Use: Scroll            ||     1
         Potion            ||     1
   Stab: Sleeping          ||     7
 Armour: Leather armour    ||    34
         Scale mail        ||    15
  Dodge: Dodged            ||    28

Table legend: (Time is in decaauts)
 A = Elapsed time spent in this place.
 B = Non-inter-level travel time spent in this place.
 C = Inter-level travel time spent in this place.
 D = Time resting spent in this place.
 E = Time spent auto-exploring this place.
 F = Levels seen in this place.
 G = Mean time per level.
                   A        B        C        D        E       F      G
               +--------+--------+--------+--------+--------+-----+--------+
         Total |   1319 |   1169 |    150 |     46 |    872 |   3 |  439.7 |
       Dungeon |   1319 |   1169 |    150 |     46 |    872 |   3 |  439.7 |
               +--------+--------+--------+--------+--------+-----+--------+

Top non-repeatable levels by time:
     D:4: 634 daAuts
     D:3: 356 daAuts
     D:5: 329 daAuts
